 Dungeon Crawl Stone Soup version 0.26-a0-852-g6321bf7485 (webtiles) character file.

Game seed: 12585727233838556099

126835 mhtbhm the Impaler (level 16, -20/226 HPs)
             Began as a Purple Draconian Berserker on Nov 21, 2020.
             Was the Champion of Trog.
             Demolished by a bunyip (32 damage)
             ... on level 4 of the Swamp.
             The game lasted 00:49:51 (38049 turns).

mhtbhm the Impaler (Purple Draconian Berserker)    Turns: 38049, Time: 00:49:52

Health: -20/226    AC: 14    Str: 31    XL:     16   Next: 44%
Magic:  16/16      EV: 25    Int: 11    God:    Trog [******]
Gold:   2181       SH: 18    Dex: 15    Spells: 15/15 levels left

rFire    + + .     SeeInvis .   a - +9 lance "Wyrmbane" {slay drac, rPois rF+ rC+ AC+3}
rCold    + . .     Faith    .   O - +0 kite shield
rNeg     . . .     Spirit   .   (armour unavailable)
rPois    +         Reflect  +   v - +0 hat {MR+}
rElec    .         Harm     +   y - scarf {harm}
rCorr    .         Rampage  .   p - +0 pair of gloves
MR       +++..                  N - +0 pair of boots of the Grim Slorg {rF+ Int+2 Dex+4}
Stlth    ..........             s - amulet of reflection
HPRegen  0.47/turn              q - +6 ring of strength
MPRegen  0.15/turn              r - +4 ring of evasion

@: berserking, very quick
A: breathe power, unfitting armour, cold-blooded, AC +9
a: Breathe Dispelling Energy, Berserk, Trog's Hand, Brothers in Arms, Renounce
Religion


You were on level 4 of the Swamp.
You worshipped Trog.
Trog was exalted by your worship.
You visited 4 branches of the dungeon, and saw 25 of its levels.
You also visited: Gauntlet.

You collected 2363 gold pieces.
You spent 182 gold pieces at shops.

Inventory:

Hand Weapons
 a - the +9 lance "Wyrmbane" (weapon) {slay drac, rPois rF+ rC+ AC+3}
   (You found it in a Gauntlet)

   It affects your AC (+3).
   It protects you from fire.
   It protects you from cold.
   It protects you from poison.
 T - a +1 glaive of flaming
Missiles
 M - 15 curare-tipped darts (quivered)
 Q - 20 silver javelins
Armour
 p - a +0 pair of gloves (worn)
 v - a +0 hat of magic resistance (worn)
 y - a scarf of harm (worn)
 N - the +0 pair of boots of the Grim Slorg (worn) {rF+ Int+2 Dex+4}
   (You found it on level 3 of the Lair of Beasts)

   It affects your intelligence (+2).
   It affects your dexterity (+4).
   It protects you from fire.
 O - a +0 kite shield (worn)
 V - a +2 hat
Jewellery
 f - an uncursed ring of resist corrosion
 q - a +6 ring of strength (left hand)
 r - a +4 ring of evasion (right hand)
 s - an amulet of reflection (around neck)
 U - an uncursed ring of protection from magic
 W - an uncursed ring of protection from fire
Wands
 j - a wand of paralysis (24)
 B - a wand of random effects (72)
 C - a wand of acid (23)
 F - a wand of iceblast (12)
 H - a wand of flame (54)
 S - a wand of enslavement (5)
Scrolls
 b - 11 scrolls of teleportation
 c - 19 scrolls of remove curse
 e - 5 scrolls of fog
 i - 9 scrolls of magic mapping
 k - 3 scrolls of fear
 n - 6 scrolls of blinking
 u - 5 scrolls of enchant armour
 w - 2 scrolls of brand weapon
 D - 2 scrolls of immolation
 G - 3 scrolls of holy word
 I - 4 scrolls of enchant weapon
 K - 2 scrolls of identify
Potions
 d - 2 potions of berserk rage
 l - 7 potions of attraction
 m - 5 potions of mutation
 o - 4 potions of haste
 x - a potion of magic
 z - 9 potions of curing
 A - a potion of might
 E - 3 potions of heal wounds
 J - 6 potions of ambrosia
 L - a potion of flight
 R - a potion of resistance
Miscellaneous
 h - a condenser vane
 t - a tin of tremorstones (1/2)
 P - a lightning rod (4/4)


   Skills:
 + Level 16.0 Fighting
 + Level 18.2 Polearms
 + Level 13.1 Dodging
 - Level 2.0 Stealth
 + Level 11.0 Shields
 + Level 2.2 Evocations


You had 15 spell levels left.
You didn't know any spells.
Your spell library was empty.

Dungeon Overview and Level Annotations

Branches:
Dungeon (14/15)            Temple (0/1) D:4            Lair (6/6) D:11
  Swamp (4/4) Lair:4       Spider (1/4) Lair:4        Slime (0/5) Lair:5
    Orc (0/2) D:12         Vaults (0/5) D:13        Gauntlet (visited)

Altars:
Dithmenos
Elyvilon
Fedhas
Gozag
Hepliaklqana
Kikubaaqudgha
Okawaru
Ru
Trog
Uskayaw
Wu Jian
Xom
Yredelemnul
Zin
The Shining One
Beogh

Shops:
D:7 }   D:8 [**((   D:10 :   D:11 ?

Annotations:
D:9 1 transporter, marklar909's ghost, novice HaHu


Innate Abilities, Weirdness & Mutations

You can breathe bolts of dispelling energy.
Your rich purple scales are hard. (AC +9)
You cannot fit into any form of body armour.
You are cold-blooded and may be slowed by cold attacks.


Message History

Unknown command.
You hit the shambling mangrove but do no damage.
You tail-slap the shambling mangrove.
The shambling mangrove is lightly damaged.
You puncture the shambling mangrove! You tail-slap the shambling mangrove!
The shambling mangrove is moderately damaged.
You impale the shambling mangrove!!
The shambling mangrove is heavily damaged.
The shambling mangrove hits you!!
* * * LOW HITPOINT WARNING * * *
x2 The grasping roots constrict you!
You puncture the shambling mangrove!
You tail-slap the shambling mangrove, but do no damage.
The shambling mangrove is severely damaged.
You impale the shambling mangrove!!
You destroy the shambling mangrove!
Trog accepts your kill. The bunyip completely misses you.
You block the bunyip's attack. The bunyip claws you!!
You die...

≈≈ ♣♣♣♣♣ ♣≈
♣♣..... ♣♣≈
≈..≈≈≈≈ ♣♣.≈
≈≈§≈§≈≈ ♣≈..
≈≈≈≈≈≈≈ ≈<
♣..♣♣.≈≈.♣♣.
♣.≈.♣.≈.x≈≈≈≈..≈
♣..≈.≈≈≈@≈≈≈...≈
♣♣♣♣≈§≈≈<§≈.♣♣..
♣.≈.....≈.♣
(≈.♣≈♣♣≈.§≈..♣
≈...≈ ♣♣♣≈..♣♣
≈..≈ .♣♣♣ ≈≈≈ ≈♣
≈≈§ .. .≈


You could see a bunyip.

Vanquished Creatures
  Rupert (D:13)
  Gastronok (D:8)
  Kirke (D:12)
  Aizul (Swamp:3)
  An emperor scorpion (Lair:4)
  An ironheart preserver (D:13)
  3 bunyips (Swamp:3)
  A minotaur (Gauntlet)
  Snorg (D:11)
  The ghost of Ixoagrun the Bludgeoner, a journeyman MiFi of Okawaru (Lair:3)
  A fire dragon (Lair:6)
  2 eleionomae
  Josephine (Swamp:1)
  4 boulder beetles
  A shambling mangrove (Swamp:4)
  15 hydras
  A ghost crab (Swamp:3)
  A death knight (D:12)
  14 alligators
  3 centaur warriors (D:13)
  5 two-headed ogres
  A tengu warrior (D:14)
  A vampire mage (Swamp:2)
  A death yak (Lair:3)
  Sonja (D:13)
  Urug (D:13)
  A soul eater (Gauntlet)
  3 fire crabs
  6 goliath frogs
  A spriggan druid (Swamp:2)
  An unseen horror (D:14)
  2 skeletal warriors (D:12)
  Pikel (D:6)
  3 bog bodies
  3 swamp dragons
  4 lindwurms (D:11)
  4 cyclopes
  2 wolf spiders
  An oklob plant (Lair:2)
  3 ugly things
  2 deep elf magi (D:14)
  4 manticores
  A moth of wrath (Lair:3)
  7 will-o-the-wisps
  6 elephants (Lair:6)
  7 black mambas
  A torpor snail (Lair:6)
  Psyche (D:8)
  A centaur zombie (D:14)
  A gargoyle (D:13)
  2 centaur skeletons (D:13)
  11 cane toads
  A demonic crawler (Lair:4)
  5 rime drakes
  10 komodo dragons
  2 efreet
  A bloated husk (Swamp:3)
  7 jumping spiders
  A polar bear (Lair:1)
  2 tengu conjurers
  3 meliai (D:13)
  A troll (shapeshifter) (D:13)
  A queen bee (Lair:3)
  5 trolls
  9 hornets
  2 wolf spider simulacra (Gauntlet)
  Prince Ribbit (D:6)
  12 tyrant leeches
  7 blink frogs
  18 slime creatures
  8 dream sheep (Lair:6)
  A centaur simulacrum (Gauntlet)
  9 spriggans
  2 wyverns
  16 redbacks
  4 fire bats (Gauntlet)
  7 wraiths
  7 basilisks
  A hog (D:12)
  4 vampires
  36 yaks
  3 steam dragons
  6 vampire mosquitoes
  2 wargs (D:11)
  10 swamp worms
  12 water moccasins
  An acid dragon (D:14)
  8 swamp drakes
  3 ice beasts
  10 orc warriors
  A sky beast (D:6)
  A black bear (D:9)
  5 phantoms
  An eye of draining (D:14)
  9 wolves
  An ice dragon simulacrum (Gauntlet)
  4 centaurs
  9 ogres
  Blork the orc (D:6)
  A big kobold (D:7)
  20 bullfrogs
  2 wyvern skeletons
  4 scorpions
  A water moccasin zombie (D:8)
  38 killer bees
  A water moccasin skeleton (D:9)
  5 wights
  13 howler monkeys
  4 jellies
  11 orc wizards
  7 hounds
  9 orc priests
  A bullfrog skeleton (D:7)
  10 iguanas
  15 worker ants
  A hound skeleton (D:5)
  Robin (D:3)
  A worker ant zombie (D:8)
  11 adders
  8 gnolls
  4 shadow imps
  A white imp (D:7)
  An ufetubus (D:5)
  An ooze (D:1)
  4 adder skeletons
  3 worms
  4 dart slugs (D:2)
  14 leopard geckos
  57 orcs
  6 bats
  15 giant cockroaches
  13 goblins
  5 hobgoblins
  20 jackals
  7 quokkas
  11 frilled lizards
  10 kobolds
  3 rats
757 creatures vanquished.

Vanquished Creatures (others)
  3 bloated husks
  2 humans (D:12)
  An adder (D:11)
  2 orcs (D:12)
  33 foxfires
  7 fungi
  35 plants
  15 withered plants (Gauntlet)
98 creatures vanquished.

Grand Total: 855 creatures vanquished

Notes
Turn   | Place    | Note
-------+----------+-------------------------------------------
     0 | D:1      | mhtbhm the Draconian Berserker began the quest for the Orb.
     0 | D:1      | Reached XP level 1. HP: 19/19 MP: 1/1
   279 | D:1      | Reached XP level 2. HP: 26/26 MP: 2/2
   661 | D:2      | Reached XP level 3. HP: 30/31 MP: 3/3
  1416 | D:3      | Reached ** piety under Trog
  1549 | D:3      | Reached XP level 4. HP: 40/40 MP: 4/4
  1657 | D:3      | Identified the +1 helmet of Absolutism {rElec rC+ Str-2}
  1657 | D:3      | Noticed Robin
  1674 | D:3      | Reached skill level 4 in Polearms
  1679 | D:3      | Killed Robin
  1752 | D:3      | Reached skill level 1 in Stealth
  1752 | D:3      | Reached XP level 5. HP: 31/46 MP: 5/5
  2151 | D:3      | Reached *** piety under Trog
  2386 | D:4      | Noticed an ogre
  2396 | D:4      | Killed an ogre
  2397 | D:4      | Reached skill level 5 in Polearms
  2400 | D:4      | Reached XP level 6. HP: 32/52 MP: 6/6
  2972 | D:4      | Found a staircase to the Ecumenical Temple.
  3814 | D:4      | Reached skill level 6 in Polearms
  3814 | D:4      | Your scales start taking on a rich purple colour.
  3814 | D:4      | Reached XP level 7. HP: 43/60 MP: 7/7
  4038 | D:4      | Found a shadowy altar of Dithmenos.
  4041 | D:4      | Found an iron altar of Okawaru.
  4046 | D:4      | Found a bloodstained altar of Trog.
  4047 | D:4      | Found an ornate altar of the Wu Jian Council.
  4047 | D:4      | Found a hazy altar of Hepliaklqana.
  4047 | D:4      | Found a glowing golden altar of the Shining One.
  4048 | D:4      | Found an opulent altar of Gozag.
  4049 | D:4      | Found a blossoming altar of Fedhas.
  4051 | D:4      | Found a glowing silver altar of Zin.
  4052 | D:4      | Found a shimmering altar of Xom.
  4319 | D:4      | Found a white marble altar of Elyvilon.
  4559 | D:5      | Entered Level 5 of the Dungeon
  4982 | D:5      | Reached skill level 5 in Dodging
  4984 | D:5      | Reached **** piety under Trog
  5120 | D:5      | Found an ancient bone altar of Kikubaaqudgha.
  5637 | D:6      | Reached skill level 7 in Polearms
  5773 | D:6      | Reached skill level 5 in Fighting
  5773 | D:6      | Reached XP level 8. HP: 68/68 MP: 8/8
  6402 | D:6      | Noticed Prince Ribbit
  6403 | D:6      | Found a sacrificial altar of Ru.
  6425 | D:6      | Killed Prince Ribbit
  6426 | D:6      | Reached skill level 8 in Polearms
  6762 | D:6      | Noticed Pikel
  6777 | D:6      | Killed Pikel
  6778 | D:6      | Reached skill level 9 in Polearms
  6778 | D:6      | Reached XP level 9. HP: 75/75 MP: 9/9
  6841 | D:6      | Noticed Blork the orc
  6849 | D:6      | Killed Blork the orc
  7006 | D:7      | Found Fapsec's Gadget Boutique.
  7381 | D:7      | Found a basalt altar of Yredelemnul.
  7938 | D:7      | Reached skill level 10 in Polearms
  8225 | D:8      | Found Akoila's General Store.
  8398 | D:8      | Noticed Gastronok
  8418 | D:8      | Killed Gastronok
  8419 | D:8      | Reached skill level 11 in Polearms
  8419 | D:8      | Reached XP level 10. HP: 88/88 MP: 10/10
  8502 | D:8      | Noticed Psyche
  8520 | D:8      | Killed Psyche
  8961 | D:8      | Found Qaoj Red's Antique Armour Shoppe.
  8992 | D:8      | Found Cykhleocw's Assorted Antiques.
  8998 | D:8      | Found Ygi Jaa's Weapon Shoppe.
  9371 | D:8      | Noticed a two-headed ogre
  9384 | D:8      | Killed a two-headed ogre
  9698 | D:8      | Found Emmunuz's Weapon Shoppe.
  9951 | D:9      | Reached skill level 12 in Polearms
  9952 | D:9      | Reached ***** piety under Trog
 10059 | D:9      | Noticed a manticore
 10060 | D:9      | Noticed marklar909's ghost (novice HaHu)
 10062 | D:9      | Noticed a moth of wrath
 10068 | D:9      | Reached skill level 1 in Shields
 10075 | D:9      | Found a transporter.
 10318 | D:9      | Found a transporter.
 11643 | D:10     | Entered Level 10 of the Dungeon
 11795 | D:10     | Reached XP level 11. HP: 13/95 MP: 11/11
 12542 | D:10     | Found Loah's Book Emporium.
 12771 | D:11     | Noticed Snorg
 12785 | D:11     | Killed Snorg
 12999 | D:11     | Noticed a two-headed ogre
 13010 | D:11     | Noticed a cyan ugly thing
 13014 | D:11     | Killed a two-headed ogre
 13029 | D:11     | Noticed a lindwurm
 13368 | D:11     | Found a staircase to the Lair.
 13433 | D:11     | Noticed a lindwurm
 13433 | D:11     | Noticed a lindwurm
 13450 | D:10     | Killed a cyan ugly thing
 13742 | D:11     | Noticed a lindwurm
 14030 | D:11     | Reached skill level 13 in Polearms
 14340 | D:11     | Found Ralown's Magic Scroll Shop.
 14350 | D:11     | Bought a scroll of identify for 26 gold pieces
 14350 | D:11     | Bought a scroll of identify for 26 gold pieces
 14350 | D:11     | Bought a scroll of identify for 26 gold pieces
 14350 | D:11     | Bought a scroll of identify for 26 gold pieces
 14350 | D:11     | Bought a scroll of identify for 26 gold pieces
 14357 | D:11     | Bought a scroll of identify for 26 gold pieces
 14357 | D:11     | Bought a scroll of identify for 26 gold pieces
 14392 | D:11     | Noticed a two-headed ogre
 14406 | D:11     | Killed a two-headed ogre
 14504 | D:11     | Reached skill level 1 in Evocations
 15217 | D:11     | Killed a lindwurm
 15217 | D:11     | Received a gift from Trog
 15219 | D:11     | Killed a lindwurm
 15226 | D:11     | Killed a lindwurm
 15230 | D:11     | Killed a lindwurm
 15231 | D:11     | Reached skill level 10 in Fighting
 15357 | D:12     | Reached XP level 12. HP: 106/106 MP: 12/12
 15636 | D:12     | Noticed a death knight
 15647 | D:12     | Killed a death knight
 15661 | D:12     | Reached skill level 14 in Polearms
 16046 | D:12     | Found a roughly hewn altar of Beogh.
 16046 | D:12     | Found a staircase to the Orcish Mines.
 16047 | D:12     | Noticed Kirke
 16061 | D:12     | Killed Kirke
 16358 | D:12     | Noticed a six-headed hydra
 16362 | D:12     | Killed a four-headed hydra
 16917 | Lair:1   | Entered Level 1 of the Lair of Beasts
 16917 | Lair:1   | Noticed a five-headed hydra
 16924 | Lair:1   | Killed a three-headed hydra
 16929 | Lair:1   | Reached skill level 10 in Dodging
 17127 | Lair:1   | Reached skill level 15 in Polearms
 17262 | Lair:1   | Found a hide-covered altar of Uskayaw.
 17836 | Lair:2   | Noticed an eight-headed hydra
 17842 | Lair:2   | Killed a four-headed hydra
 17891 | Lair:2   | Noticed a seven-headed hydra
 17901 | Lair:2   | Killed a four-headed hydra
 18082 | Lair:2   | Reached XP level 13. HP: 102/116 MP: 13/13
 18105 | Lair:2   | Received a gift from Trog
 18572 | Lair:2   | Reached skill level 5 in Shields
 18991 | Lair:3   | Found a gate leading to a gauntlet.
 18994 | Lair:3   | Found a transporter.
 19000 | Gauntlet | Entered a Gauntlet
 19000 | Gauntlet | Found a transporter.
 19000 | Gauntlet | Found a transporter.
 19055 | Gauntlet | Found a transporter.
 19057 | Gauntlet | Found a transporter.
 19071 | Gauntlet | Found a transporter.
 19073 | Gauntlet | Found a transporter.
 19081 | Gauntlet | Found a transporter.
 19104 | Gauntlet | Found the +8 lance "Wyrmbane" {slay drac, rPois rF+ rC+
                  | AC+3}
 19108 | Gauntlet | Found a transporter.
 19125 | Gauntlet | Found a transporter.
 19125 | Gauntlet | Found a transporter.
 19171 | Gauntlet | Found a transporter.
 19183 | Gauntlet | Found a transporter.
 19537 | Gauntlet | Got a pair of slimy boots
 19548 | Gauntlet | Identified the cursed -6 pair of boots of Jigsaw {rF+ rC+
                  | MR+} (You found it in a Gauntlet)
 19622 | Gauntlet | Identified the ring "Zejatekk" {MR+ Str-3 Int+3 Dex+3}
 19622 | Gauntlet | Noticed a minotaur
 19642 | Gauntlet | Killed a minotaur
 20469 | Lair:3   | Reached skill level 16 in Polearms
 20581 | Lair:3   | Found a transporter.
 21465 | Lair:3   | Noticed Ixoagrun's ghost (journeyman MiFi)
 22024 | Lair:3   | Killed Ixoagrun's ghost
 22039 | Lair:3   | Reached ****** piety under Trog
 22085 | Lair:3   | Got a pair of bloodstained boots
 22096 | Lair:3   | Identified the cursed +0 pair of boots of the Grim Slorg
                  | {rF+ Int+2 Dex+4} (You found it on level 3 of the Lair of
                  | Beasts)
 22344 | Lair:4   | Received a gift from Trog
 22345 | Lair:4   | Found a staircase to the Swamp.
 22887 | Lair:4   | Reached XP level 14. HP: 103/129 MP: 14/14
 23218 | Lair:4   | Found a hole to the Spider Nest.
 24362 | Lair:4   | You fall into a shaft and drop 1 floor!
 24808 | Lair:5   | Found a staircase to the Slime Pits.
 25556 | Lair:6   | Entered Level 6 of the Lair of Beasts
 25976 | Lair:6   | Reached skill level 17 in Polearms
 26473 | Lair:6   | Received a gift from Trog
 27112 | Lair:6   | Got a smoking arbalest
 27527 | Lair:6   | Identified the cursed +0 arbalest of Exquisite Death {elec,
                  | +Fly rPois rN+ MR++} (You found it on level 6 of the Lair
                  | of Beasts)
 27793 | D:11     | You fall into a shaft and drop 3 floors!
 28116 | D:14     | Identified a scroll of acquirement
 28126 | D:14     | Acquired 735 gold pieces
 28991 | D:13     | Reached XP level 15. HP: 106/139 MP: 15/15
 29251 | D:13     | Noticed Urug
 29264 | D:13     | Killed Urug
 29345 | D:13     | Received a gift from Trog
 29492 | D:13     | Noticed Rupert
 29515 | D:13     | Killed Rupert
 29798 | D:13     | Reached skill level 15 in Fighting
 30500 | D:13     | Found a gate to the Vaults.
 30588 | D:13     | Noticed Sonja
 30597 | D:13     | Killed Sonja
 31456 | Spider:1 | Entered Level 1 of the Spider Nest
 32176 | Swamp:1  | Entered Level 1 of the Swamp
 32661 | Swamp:1  | Noticed Josephine
 33660 | Swamp:1  | Received a gift from Trog
 34415 | Swamp:1  | Killed Josephine
 34745 | Swamp:1  | You fall into a shaft and drop 1 floor!
 35094 | Swamp:2  | Reached skill level 18 in Polearms
 35529 | Swamp:2  | Reached XP level 16. HP: 102/149 MP: 16/16
 35838 | Swamp:2  | Reached skill level 10 in Shields
 35996 | Swamp:3  | Noticed Aizul
 36009 | Swamp:3  | Killed Aizul
 37485 | Swamp:3  | Received a gift from Trog
 38019 | Swamp:4  | Entered Level 4 of the Swamp
 38049 | Swamp:4  | Demolished by a bunyip

Illustrated notes

Levels and vault maps discovered:
D:1:      ncdulo_wetmaze, layout_rooms, minmay_misc_feat_nine_boxes,
          serial_bayou_pond_d
D:2:      layout_loops_ring, serial_glass, glass_columns_a, glass_columns_c
D:3:      minmay_roachtagon, layout_rooms, minmay_lizard_king, uniq_robin
D:4:      layout_layer_cave, general_overflow_altar, minitemple,
          minmay_temple_entry_enclosed_plants
D:5:      layout_rooms, basic_altar
D:6:      layout_loops_ring, lemuel_crystal_altar, uniq_blork_the_orc,
          uniq_prince_ribbit1, uniq_pikel
D:7:      layout_loops_cross, nicolae_overflow_hidden_temple, serial_shops, shop
D:8:      minmay_chambers_of_fours, layout_loops_cross, serial_shops,
          kennysheep_mini_moat, nicolae_shop_behind_doors, shop_statue,
          nicolae_shop_window_shopping, nicolae_shop_overgrown_old_shop,
          mrwooster_statue_mirror, uniq_psyche, uniq_gastronok
D:9:      layout_basic, gammafunk_ghost_berserking_beasts
D:10:     layout_long_grid, serial_shops, shop_fountains
D:11:     layout_roguey, erik_lair_orcish_takeover, serial_shops,
          nicolae_shop_stone, minmay_lindwurm_lava, uniq_snorg
D:12:     layout_long_grid, david_orc_5, uniq_kirke
D:13:     layout_loops_ring, skrybe_vaults_entry_preservation, uniq_sonja,
          uniq_urug, uniq_rupert
D:14:     layout_roguey, minmay_tree_intersection, drop_trap
Lair:1:   layout_regular_city, basic_altar, serial_bayou_shore_b,
          infiniplex_staircase_pool
Lair:2:   layout_regular_city
Lair:3:   layout_cave_pods, gauntlet_entry_generic,
          gammafunk_ghost_berserking_beasts, special_room [special_room_bee],
          infiniplex_staircase_pool_2
Lair:4:   layout_small_grid, skrybe_swamp_entry_bodies,
          spider_nest_entry_funnel_web
Lair:5:   layout_loops_ring, minmay_slime_entry_pillars,
          kennysheep_basilisk_garden
Lair:6:   guppyfry_lair_end_dragon, layout_cave_pods, grunt_megastairs_4,
          lemuel_fruit_fields
Swamp:1:  layout_basic_swamp, evilmike_swamp_ruin_house_3, uniq_josephine
Swamp:2:  layout_falls_marsh, evilmike_swamp_ruin_house_4,
          cheibrodos_swamp_pet_leeches
Swamp:3:  layout_falls_marsh, evilmike_swamp_ruin_rubble_1, uniq_aizul
Swamp:4:  swamp_old_school, layout_basic_swamp,
          portal_ice_cave_entry_pillars_three, swamp_pool1, grunt_ruined_hall,
          uniq_nikola
Spider:1: layout_spider_delve

Skill      XL: |  1  2  3  4  5  6  7  8  9 10 11 12 13 14 15 16 |
---------------+-------------------------------------------------+-----
Dodging        | 3 4 5 6 7 8 9 10 11 12 13 | 13.1
Polearms       | 4 5 6 7 9 11 12 13 15 16 17 18 | 18.2
Stealth        | 1 2 |  2.0
Fighting       | 4 5 6 7 8 10 11 13 14 15 16 | 16.0
Shields        | 1 3 4 5 6 9 11 | 11.0
Evocations     | 1 2 |  2.2

Action                   |  1- 3 |  4- 6 |  7- 9 | 10-12 | 13-15 | 16-18 || total
-------------------------+-------+-------+-------+-------+-------+-------++-------
Melee: Spear             |   161 |   182 |    88 |       |       |       ||   431
       Tailslap          |    18 |    22 |    52 |    85 |   247 |    39 ||   463
       Trident           |       |       |   274 |   498 |       |       ||   772
       Halberd           |       |       |       |   155 |    65 |       ||   220
       Lance             |       |       |       |       |  1284 |   232 ||  1516
       Glaive            |       |       |       |       |     9 |       ||     9
Invok: Berserk           |       |     7 |    11 |    17 |    23 |     4 ||    62
 Abil: Breathe Dispellin |       |       |       |     1 |     1 |       ||     2
Evoke: Wand              |       |       |       |     7 |     2 |       ||     9
       Condenser vane    |       |       |       |       |     2 |     1 ||     3
       Tin of tremorston |       |       |       |       |     2 |     1 ||     3
  Use: Scroll            |       |     7 |     3 |    13 |    21 |     2 ||    46
       Potion            |       |       |     5 |     1 |     3 |     1 ||    10
 Stab: Sleeping          |     2 |     2 |     2 |     6 |    10 |       ||    22
       Distracted        |       |       |       |     2 |       |       ||     2
       Invisible         |       |       |       |     3 |       |       ||     3
       Confused          |       |       |       |       |     1 |     1 ||     2
       Paralysed         |       |       |       |       |     2 |       ||     2
Armor: Skin              |    44 |    30 |   125 |    91 |   132 |    13 ||   435
Dodge: Dodged            |    82 |    73 |   222 |   291 |   470 |    88 ||  1226
Block: Other             |       |       |     1 |   103 |    68 |       ||   172
       Reflection        |       |       |       |     1 |    16 |     9 ||    26
       Kite shield       |       |       |       |       |   316 |   124 ||   440

Table legend: (Time is in decaauts)
 A = Elapsed time spent in this place.
 B = Non-inter-level travel time spent in this place.
 C = Inter-level travel time spent in this place.
 D = Time resting spent in this place.
 E = Time spent auto-exploring this place.
 F = Levels seen in this place.
 G = Mean time per level.
                   A        B        C        D        E       F      G
               +--------+--------+--------+--------+--------+-----+--------+
         Total |  37746 |  37616 |    130 |  14073 |  16493 |  26 | 1451.8 |
       Dungeon |  20307 |  20211 |     96 |   6974 |   9368 |  14 | 1450.5 |
          Lair |  10747 |  10747 |      0 |   3413 |   5389 |   6 | 1791.2 |
         Swamp |   5653 |   5619 |     34 |   3194 |   1539 |   4 | 1413.2 |
   Spider Nest |    101 |    101 |      0 |      4 |     21 |   1 |  101.0 |
      Gauntlet |    936 |    936 |      0 |    486 |    175 |   1 |  936.0 |
               +--------+--------+--------+--------+--------+-----+--------+

Top non-repeatable levels by time:
  Lair:4: 2900 daAuts
     D:4: 2712 daAuts
  Lair:3: 2386 daAuts
 Swamp:1: 2336 daAuts
    D:11: 2292 daAuts
 Swamp:2: 2105 daAuts
    D:13: 2064 daAuts
  Lair:6: 1941 daAuts
     D:8: 1821 daAuts
     D:9: 1701 daAuts
    D:10: 1554 daAuts
    D:12: 1548 daAuts
     D:6: 1422 daAuts
  Lair:2: 1330 daAuts
  Lair:5: 1220 daAuts
